Mecha, lawful female dwarven Valkyrie ------- --------------------------------- |......####### |...............[...............| |.....| |.----....-----.----+-- ----- | |.....| |.|..|---.|...|@G..| |....<.##)### |.|..| |.|._.-o|..| --.---- ..-|-- |.|...|.---- ### |....| |.|...|o. # |.{..-|--.----|G... ### |..........+ -+--.- # |....-+--. | . ---|- |.-+-- |.- -- |...| # |.| |.| |>...## |.| -. |...|########..| .| ----- |.- .- |.. . ---- --- Mecha the Skirmisher Experience level: 5 Strength: 15 Dexterity: 14 Constitution: 20 Intelligence: 8 Wisdom: 12 Charisma: 7 Health: 0(60) Energy: 14(14) Def: 5 Gold: 216 Moves: 2447 Dungeon seed: M_2Min4XJCjPvVqc Game ID: Mecha_1478244110 Your Inventory: Coins $ - 216 gold pieces Weapons a - a corroded +1 long sword (weapon in hand) b - a blessed +0 dagger h - a +0 long sword A - 4 cursed +0 daggers (in quiver) I - 3 +0 daggers Armor e - an uncursed +3 small shield (being worn) n - an uncursed +0 orcish helm (being worn) L - an uncursed +0 dwarvish cloak Comestibles z - 2 uncursed tins of green mold K - an uncursed rothe corpse M - an uncursed Mordor orc corpse Scrolls f - an uncursed scroll of enchant armor o - a blessed scroll of identify p - an uncursed scroll of identify q - an uncursed scroll of scare monster u - an uncursed scroll of amnesia Spellbooks i - an uncursed spellbook of force bolt j - an uncursed spellbook of dig E - an uncursed spellbook of teleport away Potions s - an uncursed potion of monster detection t - an uncursed potion of invisibility G - an uncursed potion of paralysis Rings F - an uncursed ring of stealth Wands k - a wand of lightning (0:4) m - a wand of sleep (0:7) H - a wand of teleportation (0:0) J - a wand of digging (0:4) Tools d - an uncursed skeleton key r - a +0 pick-axe x - an uncursed tin whistle B - 6 cursed partly used tallow candles (0:188) Gems y - an uncursed worthless piece of black glass C - 2 uncursed worthless pieces of yellow glass N - an uncursed worthless piece of violet glass Y - an uncursed worthless piece of blue glass Spells and supernatural/magical abilities: Name Level Category Fail Memory a - force bolt 1 attack 80% 90% W - pray for help -- divine ? -- Your skills at the end: Fighting Skills Weapon Skills dagger [Basic] long sword [Basic] Spellcasting Skills Final Attributes: You were devoutly aligned. You were cold resistant. You saw invisible. You had infravision. You were stealthy. You are dead. Vanquished creatures: a gnome king 2 Mordor orcs a rock piercer a pony a gnome lord a straw golem 2 floating eyes a kitten 2 rothes a wererat 2 acid blobs a hobbit 5 gnomes a gnome zombie 2 geckos 4 jackals 2 foxes 2 kobolds 2 goblins 5 sewer rats a grid bug 4 lichens a kobold zombie 5 newts 50 creatures vanquished. Voluntary challenges: You had been an atheist until turn 2365. You used a wielded weapon 66 times, starting on turn 2. You read items or engraved 3 times, starting on turn 397. You never genocided any monsters. You never polymorphed an object. You never changed form. You used no wishes. You never split a pudding. You never wrote Elbereth's name. You violated your moral code, losing 26 points of alignment, starting on turn 1634. Dungeon overview: The Dungeons of Doom: levels 1 to 2 Level 1 a long staircase Level 2 stairs to The Gnomish Mines The Gnomish Mines: levels 3 to 5 Level 3 stairs to The Dungeons of Doom Level 4 Level 5 <- You were here a temple to Tyr, a fountain History has recorded: On T:1 you entered the Dungeons of Doom to retrieve the Amulet of Yendor! On T:782 you advanced to experience level 2. On T:828 you reached level 2 of The Dungeons of Doom. On T:1122 you advanced to experience level 3. On T:1242 you reached level 1 of The Gnomish Mines. On T:1272 you reached level 2 of The Gnomish Mines. On T:1638 you advanced to experience level 4. On T:2149 you advanced to experience level 5. On T:2194 you reached level 3 of The Gnomish Mines. Score breakdown: Gold: 216 ( 7947 points) Experience: 5 levels (11141 points) Exploration: 5 levels ( 10.64%) ( 8846 points) Discoveries: 3 items ( 1.22%) ( 3312 points) Valuables value: (no points given unless you survive) Artifact value: 0 ( 0 points) Variety of kills: 24 monsters ( 6.30%) ( 7529 points) Turncount: 2447 turns ( -298 points) Survival: died (score multiplied by 80%) Total score: 30781 Latest messages: You miss the Mordor orc. The Mordor orc hits! You kill the Mordor orc! The Mordor orc hits! The air crackles around the gnomish wizard. You hit the Mordor orc. The Mordor orc hits! The Mordor orc just misses! You feel more confident in your weapon skills. You hit the Mordor orc. The Mordor orc hits! You hear a door open. You hear the chime of a cash register. You miss the Mordor orc. The Mordor orc hits! The air crackles around the gnomish wizard. The Mordor orc hits! You miss the Mordor orc. The Mordor orc hits! The Mordor orc just misses! The air crackles around the gnomish wizard. You don't have enough stamina to move. The Mordor orc hits! You don't have enough stamina to move. The Mordor orc hits! (2x) You die... Final status: Farvel Mecha the Valkyrie, killed by a Mordor orc... You died in The Gnomish Mines on dungeon level 5 with 30781 points, and 216 pieces of gold, after 2447 moves. You were level 5 with a maximum of 60 hit points when you died.